 Dungeon Crawl Stone Soup version 0.21.1-1-g345015f (webtiles) character file.

501 diana the Sneak (level 7, -5/37 HPs)
             Began as a Vine Stalker Assassin on June 23, 2018.
             Splashed by Ijyb's acid (8 damage)
             ... on level 3 of the Dungeon.
             The game lasted 00:05:08 (2589 turns).

diana the Sneak (Vine Stalker Assassin)             Turns: 2589, Time: 00:05:09

Health: -5/37      AC: -3    Str: 13    XL:     7   Next: 17%
Magic:  0/8        EV: 11    Int: 11    God:
Gold:   172        SH:  0    Dex: 18    Spells: 6/6 levels left

rFire    . . .     SeeInvis .   a - +2 dagger
rCold    . . .     Gourm    .   (no shield)
rNeg     . . .     Faith    .   c - +0 robe
rPois    .         Spirit   +   i - +0 helmet (curse)
rElec    .         Reflect  .   d - +0 cloak
rCorr    .         Harm     .   (no gloves)
MR       .....                  m - +0 pair of boots
Stlth    ++++......             (no amulet)
HPRegen  0.52/turn              (no ring)
MPRegen  0.11/turn              (no ring)

@: corroded
A: fangs 2, regeneration 1, magic shield, antimagic bite, no potion heal 3, rot
immunity
a: no special abilities


You were on level 3 of the Dungeon.
You were hungry.

You visited 1 branch of the dungeon, and saw 3 of its levels.

You collected 172 gold pieces.

Inventory:

Hand Weapons
 a - a +2 dagger (weapon)
 b - a +0 blowgun
Missiles
 e - 8 poisoned needles
 f - 6 curare-tipped needles
 u - 7 needles of frenzy
Armour
 c - a +0 robe (worn)
 d - a +0 cloak (worn)
 i - a cursed +0 helmet (worn)
 m - a +0 pair of boots (worn)
Jewellery
 n - an uncursed ring of fire {unknown}
Scrolls
 j - a scroll of amnesia {unknown}
 k - a scroll of enchant armour {unknown}
 l - 2 scrolls of teleportation {unknown}
 o - a scroll of magic mapping {unknown}
 t - 2 scrolls of remove curse {unknown}
Potions
 h - a potion of flight
 p - a potion of invisibility {unknown}
 q - a potion of curing
 r - a potion of ambrosia
Comestibles
 g - 12 rations
 s - 4 chunks of flesh


   Skills:
 + Level 3.7 Fighting
 * Level 5.0 Short Blades
 - Level 1.7 Throwing
 - Level 0.7 Dodging
 + Level 6.7 Stealth


You had 6 spell levels left.
You didn't know any spells.

Dungeon Overview and Level Annotations

Branches:
Dungeon (3/15)

Altars:

Annotations:
D:3 Ijyb


Innate Abilities, Weirdness & Mutations

You have extremely sharp teeth.
Your natural rate of healing is unusually fast.
When hurt, damage is shared between your health and your magic reserves.
Your bite disrupts and absorbs the magic of your enemies.
Potions cannot restore your health.
You are immune to rotting.


Message History

You hit Ijyb but do no damage. Your bite misses Ijyb.
Ijyb is moderately wounded.
Ijyb zaps a wand.
The bolt of acid misses you.
It is a wand of acid (3).
You hit Ijyb. Your bite misses Ijyb.
Ijyb is heavily wounded.
You hit Ijyb.
Ijyb is heavily wounded.
Ijyb hits you but does no damage.
Okay, then.
You hit Ijyb.
Ijyb is severely wounded.
Ijyb zaps a wand.
The bolt of acid hits you! The acid corrodes you!
You are splashed with acid!
The acid burns!
You hit Ijyb.
Ijyb is severely wounded.
You are feeling hungry.
Ijyb zaps a wand.
The bolt of acid hits you!
* * * LOW HITPOINT WARNING * * *
The acid corrodes you!
You are splashed with acid!
The acid burns!
You die...

.......†..........<.....#
...####g...##...........##
#r#####.....)....... ##g#
##..............
#########..###......))....###
........<.##...##........###.
.........##..###.[........##.
.....(...#..###......>....##.
...........g@.............##.
...........(.................
.........#######..........##.
.........# ##........###.
.........# ##......## #.
.........# ######## #. # ##


You could see Ijyb.

Vanquished Creatures
  Grinder (D:2)
  The ghost of Kairos the Skirmisher, an amateur VSFi (D:3)
  An orc priest (D:3)
  An orc wizard (D:3)
  Jessica (D:2)
  Terence (D:2)
  Robin (D:2)
  3 gnolls
  3 adders (D:2)
  3 worms
  2 dart slugs (D:2)
  2 orcs (D:3)
  8 bats
  3 giant cockroaches (D:1)
  9 goblins
  8 hobgoblins
  2 kobolds
  A quokka (D:3)
  5 frilled lizards
  10 rats
66 creatures vanquished.

Notes
Turn   | Place    | Note
-------+----------+-------------------------------------------
     0 | D:1      | diana the Vine Stalker Assassin began the quest for the Orb.
     0 | D:1      | Reached XP level 1. HP: 11/11 MP: 2/2
   359 | D:1      | Reached skill level 5 in Stealth
   359 | D:1      | Reached XP level 2. HP: 15/15 MP: 3/3
   936 | D:2      | Reached XP level 3. HP: 18/18 MP: 4/4
   961 | D:2      | Noticed Terence
  1032 | D:2      | Killed Terence
  1360 | D:2      | Gained mutation: Your natural rate of healing is unusually fast. [Vine Stalker growth]
  1360 | D:2      | Reached XP level 4. HP: 23/23 MP: 5/5
  1500 | D:2      | Noticed Robin
  1516 | D:2      | Killed Robin
  1838 | D:2      | Noticed Jessica
  1845 | D:2      | Killed Jessica
  1845 | D:2      | Reached XP level 5. HP: 27/27 MP: 6/6
  2035 | D:3      | Noticed Grinder
  2337 | D:3      | Noticed Kairos's ghost (amateur VSFi)
  2344 | D:2      | Killed Grinder
  2344 | D:2      | Reached skill level 6 in Stealth
  2344 | D:2      | Reached XP level 6. HP: 23/32 MP: 7/7
  2360 | D:3      | Killed Kairos's ghost
  2373 | D:3      | Reached XP level 7. HP: 35/36 MP: 6/8
  2377 | D:3      | Reached skill level 5 in Short Blades
  2571 | D:3      | Noticed Ijyb
  2589 | D:3      | Splashed by Ijyb's acid

Skill      XL: |  1  2  3  4  5  6  7 |
---------------+----------------------+-----
Short Blades   | 2 3 4 5 |  5.0
Stealth        | 5 6 |  6.7
Fighting       | 2 3 |  3.7
Throwing       | |  1.7
Dodging        | |  0.7

Action                   |  1- 3 |  4- 6 |  7- 9 || total
-------------------------+-------+-------+-------++-------
Melee: Dagger            |    87 |    98 |    42 ||   227
       Bite              |    21 |    29 |    11 ||    61
  Use: Potion            |     4 |     2 |       ||     6
 Stab: Sleeping          |    12 |     3 |     2 ||    17
       Distracted        |       |     1 |       ||     1
  Eat: Chunk             |     1 |     2 |     2 ||     5
Armor: Robe              |    37 |    17 |     3 ||    57
Dodge: Dodged            |    60 |    36 |    13 ||   109
